Map: Línea Aguablanca EE

Players

OperadorX

  • Race: Terran Terran
  • League: Bronze
  • Spawn Location: 12:00

Cuachic

  • Race: Terran Terran
  • Spawn Location: 1:00

Hayabusa

  • Race: Protoss Protoss
  • Spawn Location: 1:00

TATORREA

  • Race: Protoss Protoss
  • League: Silver
  • Spawn Location: 7:00

MrFercho

  • Race: Zerg Zerg
  • League: Silver
  • Spawn Location: 6:00

tigro

  • Race: Terran Terran
  • League: Bronze
  • Spawn Location: 7:00

VOD

Have the link to the VOD?

Description

Time

  • Played on: June 18, 2020, 10:42 p.m.
  • Length: 18:11
Show
View Real Time Build Order
Export as new Build Order

OperadorX Terran 

Build Orders:  

Get SALT Encoding   

  12  0:20  SCV  
  13  0:22  Supply Depot  
  13  0:24  Refinery  
  13  0:32  SCV  
  14  0:45  SCV  
  15  0:56  Barracks  
  16  0:57  SCV  
  16  1:06  Supply Depot  
  16  1:14  SCV  
  17  1:27  SCV  
  18  1:50  Refinery  
  18  1:58  Factory  
  18  2:08  Orbital Command  
  18  2:10  Barracks Tech Lab  
  18  2:32  Ghost Academy  
  18  2:35  SCV  
  19  2:45  Factory Tech Lab  
  19  3:02  Command Center  
  19  3:04  Siege Tank  
  22  3:08  Marine  
  23  3:20  Starport  
  23  3:24  SCV  
  23  3:26  Marine  
  25  3:36  SCV  
  26  3:48  SCV  
  27  3:58  Starport Tech Lab  
  27  4:01  Starport  
  27  4:02  Personal Cloaking  
  27  4:06  SCV  
  28  4:15  Refinery  
  28  4:18  SCV  
  29  4:30  SCV  
  30  4:36  SCV  
  31  4:42  Starport Tech Lab  
  31  4:48  Supply Depot, SCV  
  32  5:00  SCV  
  33  5:07  Banshee  
  33  5:10  Banshee  
  33  5:12  SCV  
  33  5:13  Cloaking Field  
  40  5:23  Hyperflight Rotors  
  40  5:24  SCV  
  41  5:34  Nuke  
  41  5:42  Supply Depot  
  41  6:06  Ghost Academy  
  41  6:07  Supply Depot  
  41  6:11  Ghost  
  43  6:27  Orbital Command  
  43  6:31  Refinery  
  43  6:37  Siege Tank  
  46  6:40  Marine  
  47  6:48  Engineering Bay  
  47  6:58  Marine  
  48  7:09  Siege Tank  
  48  7:11  Nuke  
  51  7:15  Marine  
  51  7:17  Banshee x2  
  58  7:24  Missile Turret  
  58  7:33  Marine  
  59  7:45  Missile Turret, SCV  
  60  7:51  Marine  
  60  7:57  SCV  
  62  8:09  Marine  
  62  8:10  SCV  
  64  8:22  SCV  
  64  8:27  Marine  
  65  8:34  SCV  
  67  8:50  Nuke  
  65  9:39  Missile Turret  
  65  9:43  SCV  
  66  9:47  Ghost  
  66  9:52  Nuke  
  68  9:55  SCV  
  69  10:04  Supply Depot  
  69  10:07  SCV  
  70  10:25  Ghost  
  70  10:26  Banshee x2  
  70  10:27  Supply Depot  
  78  10:49  SCV  
  79  10:54  Ghost  
  81  11:01  SCV  
  81  11:03  Command Center  
  82  11:04  Supply Depot  
  82  11:08  Banshee  
  85  11:25  Ghost, Banshee  
  85  11:28  Supply Depot  
  90  11:51  Banshee  
  90  11:53  Ghost  
  83  12:08  Banshee  
  86  12:34  Banshee, Missile Turret  
  89  12:51  Banshee  
  89  12:56  Missile Turret  
  89  13:34  Banshee  
  89  14:10  Marine  
  89  14:13  Banshee  
  89  14:16  Banshee  
  96  14:28  Marine  
  97  14:46  Marine  
  98  14:56  Banshee  
  98  14:59  Banshee  
  104  15:04  Marine  
  105  15:21  Marine  
  106  15:39  Banshee  
  106  15:42  Banshee  
  88  16:22  Banshee  
  88  16:25  Banshee  
  89  17:04  Banshee  
Show
View Real Time Build Order
Export as new Build Order

Cuachic Terran 

Build Orders:  

Get SALT Encoding   

  12  0:01  SCV  
  13  0:13  SCV  
  14  0:25  SCV  
  14  0:27  Supply Depot  
  15  0:49  SCV  
  16  0:52  Barracks  
  16  0:56  Refinery  
  16  1:01  SCV  
  17  1:12  Supply Depot  
  17  1:13  SCV  
  18  1:25  SCV  
  19  1:28  Refinery  
  19  1:37  SCV  
  19  1:39  Supply Depot  
  20  1:44  Barracks Reactor  
  20  1:55  SCV  
  21  2:07  SCV  
  22  2:15  Command Center  
  22  2:19  SCV  
  23  2:23  Reaper  
  23  2:25  Reaper  
  25  2:31  SCV  
  26  2:38  Factory  
  26  2:47  Orbital Command  
  26  3:02  Reaper x2  
  28  3:17  SCV  
  29  3:24  Supply Depot  
  29  3:27  Orbital Command  
  29  3:29  SCV  
  29  3:31  Factory Tech Lab  
  29  3:32  Starport  
  30  3:47  SCV  
  31  3:51  Siege Tank  
  34  3:55  Marine  
  34  3:56  Marine  
  34  3:59  SCV  
  37  4:06  SCV  
  38  4:11  SCV  
  38  4:13  Marine  
  38  4:14  Medivac, Marine  
  43  4:23  SCV, Siege Tank  
  47  4:31  Marine x2  
  47  4:37  Supply Depot  
  49  4:44  Medivac  
  50  5:00  Supply Depot  
  49  5:13  Marine x2  
  52  5:21  SCV  
  52  5:24  Refinery  
  52  5:27  Refinery  
  52  5:28  SCV  
  53  5:33  SCV  
  54  5:40  SCV  
  55  5:45  SCV  
  56  5:52  SCV  
  57  5:57  SCV  
  58  6:04  SCV  
  58  6:09  SCV  
  58  6:10  Starport Tech Lab  
  60  6:13  Fusion Core  
  60  6:15  Starport  
  60  6:19  Starport  
  60  6:27  SCV  
  60  6:28  SCV  
  62  6:39  SCV  
  63  6:40  SCV  
  46  6:51  SCV  
  46  6:53  SCV  
  48  6:54  Starport Tech Lab  
  48  6:57  Starport Tech Lab  
  48  7:03  SCV  
  48  7:05  SCV  
  50  7:15  SCV  
  50  7:17  SCV  
  52  7:31  Battlecruiser x3  
  52  7:36  Supply Depot  
  70  7:40  Supply Depot, Weapon Refit  
  70  7:43  Command Center  
  70  7:45  Supply Depot  
  72  7:59  Supply Depot  
  72  8:02  Supply Depot  
  70  8:08  Supply Depot  
  70  8:26  Supply Depot  
  70  8:31  Supply Depot  
  70  8:34  Supply Depot  
  70  8:54  Starport  
  70  8:56  Refinery  
  70  9:01  Starport  
  70  9:04  Starport  
  70  9:06  Battlecruiser x2  
  82  9:17  SCV  
  82  9:21  Refinery  
  83  9:29  SCV  
  84  9:39  Starport Tech Lab  
  84  9:41  SCV, Starport Tech Lab  
  85  9:48  Starport Tech Lab  
  85  10:00  Starport  
  85  10:01  Starport  
  85  10:14  SCV  
  86  10:23  SCV  
  86  10:26  SCV  
  88  10:34  Battlecruiser x2  
  88  10:35  Battlecruiser, SCV  
  107  10:47  SCV  
  108  10:59  SCV  
  108  11:00  Starport Tech Lab  
  108  11:01  Starport Tech Lab  
  109  11:26  Battlecruiser x2  
  119  11:43  Battlecruiser  
  125  12:20  Battlecruiser x2  
  137  12:27  Command Center  
  137  12:30  Refinery x2  
  137  12:49  Battlecruiser x2  
  131  14:21  Battlecruiser x5  
  161  14:32  SCV  
  162  14:44  SCV  
  163  14:57  SCV  
  164  15:11  Battlecruiser x2  
  176  15:38  Battlecruiser  
  176  16:08  Battlecruiser  
  176  16:11  Battlecruiser  
  170  16:47  Supply Depot x2  
  170  17:09  Supply Depot  
  170  17:11  Supply Depot  
  182  17:33  Supply Depot  
  182  17:34  Supply Depot  
Show
View Real Time Build Order
Export as new Build Order

Hayabusa Protoss 

Build Orders: Carriers 

Get SALT Encoding   

  12  0:01  Probe  
  13  0:14  Probe  
  13  0:21  Pylon  
  14  0:22  Probe  
  15  0:35  Probe  
  15  0:42  Forge  
  16  1:30  Pylon  
  16  1:37  Pylon  
  16  1:57  Probe  
  16  2:05  Probe  
  16  2:13  Probe  
  17  2:18  Gateway  
  17  2:22  Probe  
  19  2:30  Assimilator, Nexus  
  19  2:33  Probe  
  19  2:35  Assimilator  
  20  2:38  Pylon  
  20  2:42  Pylon  
  20  2:45  Pylon, Probe  
  20  2:50  Gateway  
  21  2:57  Probe  
  22  3:06  Assimilator  
  22  3:07  Probe  
  23  3:15  Probe  
  24  3:24  Probe  
  24  3:28  Cybernetics Core  
  24  3:31  Pylon  
  25  3:35  Pylon, Probe  
  26  3:46  Gateway  
  26  3:47  Probe x2  
  28  3:55  Probe  
  28  4:00  Probe  
  28  4:01  Protoss Shields Level 1  
  30  4:05  Probe  
  31  4:11  Twilight Council  
  31  4:21  Stargate  
  31  4:41  Probe  
  32  4:49  Probe  
  32  4:56  Pylon  
  32  4:59  Pylon, Probe  
  34  5:09  Warp Gate  
  34  5:10  Probe  
  34  5:11  Probe  
  34  5:13  Nexus  
  36  5:18  Probe  
  36  5:23  Forge, Probe  
  36  5:27  Probe  
  38  5:28  Cybernetics Core  
  38  5:31  Dark Shrine  
  39  5:36  Stargate  
  39  5:39  Probe  
  40  5:45  Gateway  
  40  5:50  Pylon  
  40  5:51  Probe  
  40  5:52  Pylon  
  41  6:05  Assimilator  
  41  6:07  Probe  
  41  6:10  Photon Cannon  
  42  6:13  Photon Cannon  
  42  6:19  Probe  
  43  6:26  Protoss Shields Level 2  
  43  6:28  Protoss Ground Weapons Level 1  
  43  6:31  Photon Cannon  
  43  6:50  Pylon  
  43  6:53  Robotics Facility  
  43  6:58  Assimilator  
  43  7:03  Probe  
  43  7:04  Assimilator  
  44  7:11  Probe  
  44  7:20  Probe  
  45  7:28  Probe, Stargate  
  46  7:36  Probe  
  47  7:42  Probe  
  49  7:47  Probe  
  50  7:54  Probe  
  51  7:59  Probe  
  51  8:00  Stargate  
  51  8:03  Nexus  
  52  8:08  Fleet Beacon  
  52  8:11  Probe  
  52  8:12  Stargate  
  53  8:20  Stargate  
  53  8:24  Photon Cannon, Probe  
  53  8:26  Photon Cannon  
  54  8:29  Photon Cannon  
  54  8:31  Photon Cannon  
  54  8:32  Photon Cannon  
  54  8:36  Probe  
  54  8:40  Photon Cannon, Shield Battery  
  55  8:43  Photon Cannon  
  55  8:46  Pylon  
  55  8:47  Photon Cannon  
  55  8:50  Probe  
  55  8:51  Photon Cannon  
  56  8:58  Probe  
  56  9:00  Pylon  
  57  9:04  Assimilator  
  57  9:05  Assimilator  
  57  9:08  Probe  
  57  9:11  Stargate  
  58  9:20  Dark Templar, Probe  
  58  9:21  Dark Templar  
  58  9:22  Dark Templar  
  58  9:24  Dark Templar  
  67  9:26  Observer  
  68  9:32  Probe  
  68  9:33  Probe  
  70  9:41  Probe  
  70  9:44  Probe  
  72  9:48  Protoss Shields Level 3, Observer  
  72  9:51  Probe  
  73  9:55  Protoss Ground Weapons Level 2  
  73  9:56  Probe  
  73  9:57  Protoss Air Weapons Level 1  
  75  10:00  Protoss Air Armor Level 1  
  75  10:03  Probe  
  76  10:08  Probe  
  76  10:09  Observer  
  78  10:15  Probe  
  78  10:20  Probe  
  80  10:23  Dark Templar  
  80  10:24  Dark Templar  
  80  10:25  Dark Templar  
  80  10:26  Probe, Dark Templar  
  89  10:30  Observer  
  89  10:34  Probe  
  90  10:38  Probe  
  90  10:42  Probe  
  92  10:45  Tempest  
  92  10:46  Tempest  
  103  10:50  Probe  
  103  10:53  Probe  
  105  11:06  Probe  
  106  11:36  Tempest x3  
  106  11:37  Tempest x3  
  106  11:38  Tempest  
  124  12:25  Tempest  
  124  12:26  Tempest x5  
  137  13:36  Carrier x4  
  161  14:35  Pylon  
  161  14:39  Pylon  
  161  14:43  Pylon  
  161  14:50  Carrier  
  161  14:51  Carrier  
  161  14:52  Carrier  
  164  14:53  Carrier  
  164  14:54  Carrier  
  164  14:57  Carrier  
  134  15:48  Dark Templar  
  134  15:49  Dark Templar  
  122  15:50  Dark Templar  
  122  15:52  Dark Templar  
  116  16:37  Carrier  
  116  16:38  Carrier x4  
  146  17:50  Nexus  
  146  17:53  Pylon  
  146  17:56  Pylon  
Show
View Real Time Build Order
Export as new Build Order

TATORREA Protoss 

Build Orders:  

Get SALT Encoding   

  12  0:01  Probe  
  13  0:13  Probe  
  14  0:23  Pylon  
  14  0:25  Probe  
  15  0:41  Probe  
  16  0:51  Gateway  
  16  1:00  Probe  
  17  1:11  Probe  
  18  1:18  Assimilator  
  18  1:19  Probe  
  19  1:27  Probe  
  20  1:38  Probe  
  21  1:44  Zealot  
  23  1:53  Cybernetics Core  
  23  1:55  Gateway  
  23  2:04  Assimilator  
  23  2:06  Pylon  
  23  2:15  Probe  
  23  2:27  Probe  
  24  2:39  Probe  
  25  2:45  Stalker  
  27  2:51  Probe  
  28  3:07  Nexus  
  28  3:09  Probe  
  28  3:13  Nexus  
  28  3:17  Probe  
  28  3:18  Pylon  
  29  3:26  Probe  
  30  3:34  Probe  
  31  3:37  Warp Gate  
  32  3:42  Probe  
  32  3:43  Robotics Facility  
  33  3:54  Probe  
  34  4:02  Probe  
  35  4:17  Probe  
  35  4:26  Pylon  
  35  4:30  Pylon  
  35  4:33  Stalker x2  
  39  4:39  Immortal  
  39  4:42  Probe x2  
  45  4:54  Probe  
  45  4:55  Probe  
  47  5:13  Probe  
  47  5:14  Probe  
  49  5:21  Assimilator  
  49  5:23  Assimilator, Immortal  
  49  5:25  Probe  
  49  5:26  Probe  
  55  5:28  Stalker  
  55  5:29  Stalker  
  59  5:41  Probe x2  
  61  5:53  Probe x2  
  63  6:05  Probe x2  
  63  6:07  Stalker  
  63  6:08  Stalker  
  69  6:13  Nexus  
  69  6:14  Robotics Bay  
  69  6:16  Pylon  
  69  6:18  Pylon  
  69  6:26  Probe  
  69  6:27  Gateway  
  69  6:29  Gateway  
  69  6:32  Gateway  
  70  6:34  Gateway, Probe  
  70  6:35  Pylon  
  71  6:40  Pylon  
  71  6:43  Pylon  
  71  6:51  Probe x2  
  73  7:03  Probe  
  73  7:04  Probe  
  75  7:15  Probe  
  75  7:16  Probe  
  77  7:30  Stalker x3, Assimilator  
  77  7:31  Stalker  
  77  7:33  Stalker  
  77  7:34  Nexus  
  77  7:35  Assimilator  
  87  7:37  Pylon  
  87  7:40  Pylon  
  87  7:42  Colossus  
  93  7:47  Extended Thermal Lance  
  93  7:51  Probe  
  93  7:52  Probe  
  93  7:57  Probe  
  96  8:03  Probe  
  96  8:05  Probe  
  98  8:09  Probe  
  99  8:14  Stalker  
  99  8:15  Stalker x2, Probe  
  99  8:16  Stalker  
  99  8:17  Probe  
  109  8:21  Probe  
  110  8:27  Probe  
  110  8:29  Probe  
  110  8:34  Probe  
  113  8:40  Probe  
  113  8:41  Probe  
  115  8:46  Probe, Observer  
  117  8:48  Stalker  
  117  8:49  Stalker x2  
  117  8:50  Stalker x3  
  116  9:21  Stalker x3  
  116  9:22  Stalker x3  
  112  9:33  Probe  
  112  9:34  Probe x3  
  116  9:41  Probe  
  116  9:42  Probe  
  116  9:46  Probe x2  
  120  9:54  Probe  
  120  9:55  Probe  
  120  9:58  Probe  
  120  9:59  Probe  
  124  10:06  Colossus, Probe  
  131  10:07  Assimilator, Probe  
  131  10:10  Stalker x3, Assimilator, Probe  
  131  10:11  Stalker x3, Probe  
  146  10:15  Pylon  
  146  10:19  Pylon  
  146  10:24  Forge x2  
  146  10:25  Pylon  
  146  10:26  Forge  
  146  10:28  Pylon, Stargate  
  146  10:30  Stargate  
  146  10:36  Stargate  
  146  10:39  Cybernetics Core  
  146  10:52  Probe  
  146  10:53  Probe x3  
  150  11:04  Probe  
  150  11:05  Probe x3  
  154  11:16  Pylon  
  154  11:17  Probe x4  
  158  11:18  Pylon  
  158  11:22  Pylon  
  147  11:26  Pylon  
  147  11:29  Gateway, Probe  
  144  11:33  Gateway  
  141  11:56  Nexus  
  141  11:57  Pylon  
  141  12:02  Pylon  
  141  12:04  Stalker x2  
  141  12:05  Stalker x4  
  141  12:08  Probe x2  
  153  12:10  Probe x2  
  157  12:16  Probe  
  157  12:17  Probe  
  157  12:18  Probe  
  157  12:19  Probe  
  160  12:25  Probe x2  
  160  12:26  Probe  
  160  12:27  Probe  
  165  12:44  Immortal  
  169  12:46  Protoss Ground Armor Level 1, Protoss Ground Weapons Level 1, Protoss Shields Level 1  
  169  12:53  Twilight Council  
  169  13:00  Probe x4  
  173  13:12  Probe x4  
  177  13:15  Stalker x2  
  177  13:16  Stalker x4  
  177  13:17  Stalker x2  
  193  13:23  Observer  
  194  13:28  Assimilator  
  194  13:29  Assimilator  
  190  13:40  Stalker x2  
  192  13:41  Stalker x3  
  192  13:42  Stalker  
  200  13:54  Stalker  
  200  13:55  Stalker  
  169  14:07  Phoenix x2  
  146  14:26  Probe x3  
  146  14:27  Probe  
  139  14:31  Phoenix  
  139  14:32  Phoenix  
  139  14:34  Stalker  
  139  14:35  Stalker x3  
  139  14:36  Stalker x2  
  152  14:38  Probe  
  148  14:56  Phoenix  
  148  14:57  Phoenix  
  47  16:43  Gateway  
  47  16:44  Pylon  
  47  16:45  Gateway, Pylon  
  47  16:47  Gateway  
  47  16:49  Gateway x2  
  35  16:58  Stalker x3  
  35  16:59  Stalker x2  
  45  17:03  Phoenix x2  
  49  17:18  Gateway  
  49  17:19  Gateway  
  49  17:24  Gateway  
  49  17:26  Gateway  
  49  17:28  Phoenix x2  
  30  17:31  Probe  
  30  17:33  Probe  
  30  17:34  Pylon  
  30  17:37  Pylon  
  36  17:40  Pylon  
  36  17:41  Stalker  
  36  17:43  Stalker, Pylon, Probe  
  41  17:44  Stalker x2  
  41  17:45  Stalker x2  
  41  17:46  Probe  
  50  17:55  Probe  
  50  17:58  Probe  
Show
View Real Time Build Order
Export as new Build Order

MrFercho Zerg 

Build Orders: Hatch First 

Get SALT Encoding   

  12  0:01  Drone  
  13  0:08  Drone  
  14  0:18  Overlord  
  14  0:31  Extractor  
  14  0:32  Drone  
  14  0:34  Extractor  
  14  0:35  Drone  
  14  0:39  Drone  
  17  1:13  Drone  
  17  1:14  Drone x2  
  20  1:18  Hatchery  
  20  1:21  Spawning Pool  
  20  1:22  Extractor  
  17  1:28  Overlord  
  17  1:43  Drone  
  17  1:46  Drone  
  19  1:57  Drone  
  20  2:09  Zergling x2  
  21  2:24  Queen  
  23  2:30  Queen  
  23  2:34  Drone x3  
  28  2:39  Drone  
  28  2:41  Drone  
  30  2:44  Extractor  
  29  2:57  Drone x2  
  31  2:58  Roach Warren  
  31  3:01  Drone  
  31  3:02  Drone  
  32  3:10  Queen  
  34  3:14  Lair  
  34  3:16  Drone x2  
  36  3:24  Overlord  
  36  3:26  Overlord  
  35  4:26  Roach x8  
  50  4:40  Drone  
  50  4:41  Drone  
  50  4:42  Extractor  
  50  4:43  Extractor, Drone  
  50  5:11  Drone x2  
  50  5:12  Overlord x4  
  52  5:29  Spine Crawler, Evolution Chamber  
  52  5:32  Hatchery  
  52  5:33  Spine Crawler  
  48  5:37  Spine Crawler  
  48  5:40  Spine Crawler  
  48  5:42  Drone x5  
  51  5:43  Drone  
  52  5:53  Glial Reconstitution  
  52  5:54  Zerg Missile Weapons Level 1  
  52  5:57  Drone x2  
  54  6:05  Drone x2  
  56  6:36  Hydralisk Den, Drone x6  
  56  6:37  Drone x2  
  62  7:06  Grooved Spines  
  62  7:14  Drone  
  62  7:15  Drone x2  
  65  7:16  Drone x6  
  65  7:17  Drone x4  
  75  7:27  Queen  
  77  7:32  Overseer  
  77  7:35  Overseer  
  77  7:36  Overseer  
  77  7:53  Drone x4  
  77  7:54  Drone x5  
  77  7:55  Drone x4  
  90  7:58  Extractor  
  90  8:04  Extractor  
  88  8:17  Muscular Augments  
  88  9:35  Drone x2  
  88  9:37  Overlord x6  
  88  9:38  Overlord  
  90  10:07  Zerg Missile Weapons Level 2  
  90  10:14  Hatchery, Evolution Chamber  
  90  10:18  Infestation Pit  
  87  10:23  Lurker Den  
  87  10:24  Hatchery, Overlord  
  87  10:26  Overlord  
  87  10:28  Hydralisk x7  
  85  10:29  Hydralisk x14  
  127  10:40  Overseer x3  
  127  10:47  Spore Crawler  
  126  10:50  Spore Crawler  
  125  11:03  Spore Crawler  
  124  11:05  Spore Crawler  
  123  11:33  Hatchery  
  116  12:14  Drone x12  
  116  12:15  Drone x9  
  137  12:35  Drone x3  
  137  12:36  Drone x3  
  143  12:37  Drone  
  100  13:15  Hydralisk x9  
  100  13:16  Hydralisk x14  
  63  13:57  Hydralisk x15  
  63  13:58  Hydralisk x4  
  93  14:19  Hydralisk x8  
  99  14:47  Hydralisk  
  99  14:48  Hydralisk x8  
  107  14:59  Zerg Ground Armor Level 1  
  101  15:01  Hive  
  101  15:05  Hydralisk x5  
  97  15:09  Pneumatized Carapace  
  63  15:38  Hydralisk x9  
  79  16:15  Queen  
  79  16:17  Queen  
  41  16:48  Hydralisk x7  
  41  16:50  Hatchery  
  54  16:56  Hatchery  
  33  17:19  Overseer  
  33  17:34  Drone x2  
  35  17:45  Drone  
Show
View Real Time Build Order
Export as new Build Order

tigro Terran 

Build Orders:  

Get SALT Encoding   

  12  0:03  SCV  
  13  0:15  SCV  
  14  0:26  Supply Depot  
  14  0:27  SCV  
  15  0:39  Refinery  
  15  0:48  SCV  
  16  0:54  Barracks  
  16  1:00  SCV  
  17  1:12  SCV  
  17  1:16  Refinery  
  18  1:32  Supply Depot  
  18  1:51  Marine  
  19  2:09  Marine  
  19  2:10  Barracks  
  20  2:22  Factory  
  20  2:27  Marine  
  22  2:37  SCV  
  22  2:45  Marine  
  22  2:49  SCV  
  24  2:58  Engineering Bay  
  24  3:01  SCV  
  24  3:03  Marine  
  24  3:04  Barracks Reactor  
  26  3:08  Barracks Tech Lab  
  26  3:13  SCV  
  26  3:18  Factory Tech Lab  
  27  3:25  SCV  
  28  3:31  Starport  
  28  4:05  SCV  
  28  4:09  Terran Infantry Weapons Level 1  
  29  4:12  Command Center  
  29  4:13  Barracks Reactor  
  29  4:21  Orbital Command  
  29  4:29  Missile Turret  
  29  4:30  Marine  
  30  4:48  Marine  
  31  4:53  Medivac  
  33  5:17  Missile Turret  
  33  5:26  Fusion Core  
  33  5:30  Starport Tech Lab  
  33  5:33  Marine x3  
  36  5:47  Refinery  
  36  5:48  SCV  
  37  5:51  Marine x3  
  40  6:00  SCV  
  40  6:03  Terran Infantry Armor Level 1  
  41  6:05  Siege Tank  
  41  6:09  Marine  
  45  6:14  Armory  
  45  6:20  Starport  
  45  6:38  Refinery  
  45  7:00  Starport Tech Lab  
  45  7:04  Weapon Refit  
  45  7:19  SCV  
  46  7:31  SCV  
  47  7:44  SCV  
  48  7:56  SCV  
  48  7:57  Neosteel Armor  
  49  8:08  Siege Tank, SCV  
  53  8:18  Missile Turret  
  53  8:20  SCV  
  54  8:32  SCV  
  55  8:39  Missile Turret  
  55  8:40  Siege Tank  
  58  8:44  Rapid Reignition System, SCV  
  59  8:56  SCV  
  59  9:00  Missile Turret  
  58  9:08  Refinery  
  58  9:19  Starport Tech Lab  
  58  9:22  Starport Tech Lab  
  58  9:37  Hi-Sec Auto Tracking  
  58  9:40  Advanced Ballistics  
  58  10:09  SCV  
  59  10:21  SCV  
  59  10:24  Terran Vehicle Weapons Level 1  
  60  10:33  SCV  
  60  10:34  Terran Infantry Weapons Level 2  
  62  10:53  Planetary Fortress  
  61  11:29  Missile Turret  
  61  11:51  Missile Turret  
  61  12:09  Marine  
  61  12:14  Missile Turret  
  62  12:34  Missile Turret  
  62  12:44  Supply Depot  
  62  12:50  Terran Infantry Armor Level 2  
  62  12:54  Missile Turret  
  62  13:06  Marine x3  
  62  13:08  Supply Depot  
  65  13:14  Battlecruiser  
  69  13:23  Marine  
  69  13:26  Marine  
  70  13:29  Thor, Marine  
  77  13:35  Supply Depot  
  77  13:41  Marine  
  78  13:51  Marine  
  78  13:52  Marine  
  76  13:57  Supply Depot, Battlecruiser  
  76  13:59  Marine  
  83  14:10  Marine  
  83  14:13  Marine  
  85  14:17  Marine  
  85  14:19  Battlecruiser  
  92  14:27  Marine  
  93  14:31  Marine  
  94  14:39  Combat Shield  
  94  15:01  Missile Turret  
  94  15:06  Terran Infantry Weapons Level 3  
  94  15:22  Missile Turret  
  94  15:34  Command Center  
  94  15:43  Missile Turret  
  94  15:58  Stimpack  
  94  16:10  Marine x3  
  94  16:11  Missile Turret  
  91  16:14  Battlecruiser  
  91  16:16  Battlecruiser  
  79  16:28  Marine x3  
  63  16:46  Marine x3  
  66  16:47  Refinery  
  66  17:04  Marine x3, Refinery  
  67  17:20  Medivac  
  67  17:21  Marine  
Tags
 
Add a new tag
Caveats
  • Supply blocks, unpowered buildings, or Contaminate may cause inaccurate times.
  • Supply counts are checked every 10 seconds.